 Dungeon Crawl Stone Soup version 0.31-a0-167-g1c394c0614 (webtiles) character file.

Game seed: 8138697239760643211

6507 frimble the Frost Mage (level 11, -2/75 HPs)
             Began as an Octopode Warper on June 14, 2023.
             Was an Elder of Cheibriados.
             Slain by a vampire mosquito (5 damage)
             ... on level 10 of the Dungeon.
             The game lasted 00:18:10 (10617 turns).

frimble the Frost Mage (Octopode Warper)           Turns: 10617, Time: 00:18:11

Health: -2/75      AC:  1    Str: 26    XL:     11   Next: 0%
Magic:  15/17      EV: 15    Int: 31    God:    Cheibriados [****..]
Gold:   408        SH:  0    Dex: 23    Spells: 11/18 levels left

rFire   + .          .
                       - Unarmed
rCold   . . .        (no shield)
rNeg    . . .        (helmet restricted)
rPois   .            (no amulet)
rElec   .            i - ring "Buchela" {Will+ Str+6 Dex+3}
rCorr   .            c - ring of protection from fire
SInv    .            (no ring)
Will    +....        (no ring)
Stlth   ++++         (no ring)
HPRegen 0.32/turn    (no ring)
MPRegen 0.15/turn    (no ring)
                     (no ring)

%: no passive effects
@: about to teleport, very slow
A: almost no armour, amphibious, 8 rings, camouflage 1, gelatinous body 1,
(nimble swimmer 1), tentacles, tentacle spike 1, clever 1
a: Renounce Religion, Bend Time, Temporal Distortion, Slouch


You were on level 10 of the Dungeon.
You worshipped Cheibriados.
Cheibriados was greatly pleased with you.
You visited 2 branches of the dungeon, and saw 11 of its levels.

You collected 408 gold pieces.

Inventory:

Missiles
 b - 6 boomerangs of dispersal
 g - 3 silver boomerangs (quivered)
 n - 13 boomerangs
Jewellery
 c - a ring of protection from fire (right tentacle)
 i - the ring "Buchela" (left tentacle) {Will+ Str+6 Dex+3}
   (You took it off a kobold on level 9 of the Dungeon)

   [ring of strength]

   Str:       It affects your strength (+6).
   Dex:       It affects your dexterity (+3).
   Will:      It increases your willpower.
 q - a ring of ice
Wands
 j - a wand of charming (9)
 m - a wand of mindburst (6)
Scrolls
 d - 3 scrolls of revelation
 f - 2 scrolls of identify
 h - a scroll of amnesia
 o - a scroll of enchant weapon
Potions
 a - a potion of brilliance
 e - 2 potions of might
 p - a potion of cancellation {unknown}


   Skills:
 + Level 7.3 Fighting
 - Level 1.0 Throwing
 - Level 3.4 Dodging
 - Level 5.0 Stealth
 + Level 6.0 Unarmed Combat
 - Level 4.1 Spellcasting
 - Level 6.0 Translocations
 - Level 8.0 Ice Magic
 + Level 4.0 Invocations
 + Level 7.0 Evocations


You had 11 spell levels left.
You knew the following spells:

 Your Spells              Type           Power      Damage    Failure   Level
a - Blink                 Tloc           86%        N/A       1%          2
b - Frozen Ramparts       Ice            100%       1d16      1%          3
c - Passwall              Tmut/Erth      5%         N/A       9%          2

Your spell library contained the following spells:

 Spells                   Type           Power      Damage    Failure   Level
 Ensorcelled Hibernation  Hex/Ice        62%        N/A       1%          2
 Lesser Beckoning         Tloc           86%        N/A       1%          2
 Teleport Other           Tloc           43%        N/A       1%          3
 Momentum Strike          Conj/Tloc      50%        3d9       2%          2
 Manifold Assault         Tloc           43%        N/A       4%          4
 Portal Projectile        Hex/Tloc       50%        N/A       5%          3
 Vhi's Electric Charge    Tloc/Air       50%        N/A       5%          3
 Sandblast                Erth           12%        2d6       6%          1
 Ice Form                 Ice/Tmut       31%        N/A       12%         4
 Summon Ice Beast         Ice/Summ       31%        N/A       12%         4
 Call Canine Familiar     Summ           6%         N/A       19%         3
 Ignite Poison            Fire/Tmut/Pois 6%         N/A       19%         3
 Stone Arrow              Conj/Erth      12%        3d7       19%         3
 Swiftness                Air            6%         N/A       19%         3
 Tukima's Dance           Hex            6%         N/A       19%         3
 Summon Forest            Summ/Tloc      12%        N/A       43%         5
 Leda's Liquefaction      Hex/Erth       3%         N/A       52%         4
 Sticky Flame             Conj/Fire      6%         2d3       52%         4
 Blade Hands              Tmut           3%         N/A       86%         5
 Eringya's Noxious Bog    Tmut/Pois      3%         N/A       100%        6
 Summon Hydra             Summ           3%         N/A       100%        7
 Ignition                 Fire           3%         3d4       100%        8


Dungeon Overview and Level Annotations

Branches:
Dungeon (10/15)            Temple (1/1) D:6            Lair (0/5) D:10
    Orc (0/2) D:9

Altars:
Ashenzari
Cheibriados
Kikubaaqudgha
Okawaru
Sif Muna
Uskayaw
Yredelemnul
The Shining One

Portals:
Abyss: D:8

Annotations:
D:8 2 transporters, osoart's ghost, novice AtFi


Innate Abilities, Weirdness & Mutations

You cannot wear most types of armour.
You are amphibious.
You can wear up to eight rings at the same time.
Your skin changes colour to match your surroundings (Stealth+).
Your rubbery body absorbs attacks. (AC +1, EV +1)
((You are camouflaged when in or above water. (Stealth+)))
You have tentacles for arms and can constrict up to eight enemies at once.
One of your tentacles bears a spike.
Your mind is acute. (Int +4, Str/Dex -1)


Message History

A vampire mosquito is nearby!
A two-headed ogre comes into view.
It is wielding a +0 giant club and a +0 giant spiked club.
A vampire mosquito comes into view.
A vampire mosquito comes into view.
Found 34 gold pieces.
The vampire mosquito buzzes angrily.
You hear an angry buzzing noise. x2
The two-headed ogre shouts in stereo!
A vampire mosquito comes into view.
The vampire mosquito bites you.
The vampire mosquito draws strength from your injuries!
The vampire mosquito attacks as you move away!
The vampire mosquito bites you!
The vampire mosquito draws strength from your injuries!
The vampire mosquito bites you.
The vampire mosquito draws strength from your injuries!
The vampire mosquito bites you.
The vampire mosquito draws strength from your injuries!
The vampire mosquito attacks as you move away!
The vampire mosquito misses you. The vampire mosquito barely misses you.
The vampire mosquito bites you!
The vampire mosquito draws strength from your injuries!
The vampire mosquito bites you!
The vampire mosquito draws strength from your injuries!
The vampire mosquito bites you.
* * * LOW HITPOINT WARNING * * *
The vampire mosquito draws strength from your injuries!
The vampire mosquito misses you. The vampire mosquito bites you!
* * * LOW HITPOINT WARNING * * *
The vampire mosquito draws strength from your injuries!
The vampire mosquito bites you!
* * * LOW HITPOINT WARNING * * *
The vampire mosquito draws strength from your injuries!
Okay, then.
Casting: Frozen Ramparts (safe; 1% risk of failure)
Confirm with . or Enter, or press ? or * to list all spells.
You blink.
As you read the scroll of teleportation, it crumbles to dust.
You feel strangely unstable. The vampire mosquito bites you.
You die...

#........# ....
.#........# .....
..........yO###+#####...
.....
.......###'#§...........
.♣...
.......#)..#..##........
.P...
.......#...#..##........
..PP.
.......#...#.y##......P.
.....
.....$.#...#.y##.....P..
.P..P ....
#...#.@##........ P.P..
#.###..................
#######.######.......P.
..>..
.............#..##.P...
..... #
.............'..##.....
..... #
.............#..##.....
.... #
.............#..##.# .P
.... #
.............#..##.# .
.. #
.............#.....# .


You could see a two-headed ogre and 2 vampire mosquitoes.

Vanquished Creatures
  Maggie (D:9)
  A hornet (D:8)
  A shadow (D:10)
  A vampire (D:9)
  3 wraiths (D:10)
  4 wyverns
  A basilisk (D:10)
  An acid dragon (D:9)
  2 water moccasins
  An ice beast (D:7)
  A sky beast (D:7)
  2 black bears (D:10)
  4 orc warriors
  An ogre (D:5)
  3 wolves (D:10)
  3 centaurs
  2 phantoms
  7 kobold brigands
  Blork the orc (D:4)
  2 bullfrogs (D:8)
  6 scorpions
  2 wights (D:9)
  9 killer bees
  4 howler monkeys
  A jelly (D:5)
  3 orc priests
  4 hounds
  2 sleepcaps
  4 iguanas
  10 orc wizards
  4 gnolls
  9 adders
  3 worms
  2 dart slugs
  33 orcs
  6 endoplasms
  7 giant cockroaches
  6 goblins
  6 hobgoblins
  6 jackals (D:2)
  29 kobolds
  2 quokkas
  11 ball pythons
  6 bats
  3 frilled lizards
  4 rats
224 creatures vanquished.

Vanquished Creatures (collateral kills)
  4 wights (D:9)
  An orc priest (D:9)
  An orc wizard (D:9)
  An orc (D:9)
7 creatures vanquished.

Vanquished Creatures (others)
  An orc warrior (D:9)
  2 wights (D:9)
3 creatures vanquished.

Grand Total: 234 creatures vanquished

Notes
Turn   | Place    | Note
-------+----------+-------------------------------------------
     0 | D:1      | frimble the Octopode Warper began the quest for the Orb.
     0 | D:1      | Reached XP level 1. HP: 14/14 MP: 3/3
    78 | D:1      | Found a faded altar of an unknown god.
   141 | D:1      | Reached XP level 2. HP: 19/19 MP: 5/5
   144 | D:1      | Learned a level 2 spell: Blink
   501 | D:1      | Reached XP level 3. HP: 24/24 MP: 6/6
   730 | D:1      | Learned a level 3 spell: Frozen Ramparts
   911 | D:2      | Reached skill level 1 in Ice Magic
   911 | D:2      | Reached XP level 4. HP: 24/29 MP: 7/7
  1177 | D:2      | Found a basalt altar of Yredelemnul.
  1191 | D:2      | HP: 1/29 [gnoll/+0 spear (9)]
  1284 | D:2      | Reached skill level 2 in Ice Magic
  1465 | D:2      | Reached XP level 5. HP: 31/34 MP: 8/8
  2704 | D:4      | Reached XP level 6. HP: 26/39 MP: 9/9
  2808 | D:4      | Identified the +0 dagger of Famine {freeze, rC- Str+7
                  | Stlth+}
  2844 | D:4      | Reached skill level 3 in Ice Magic
  2938 | D:4      | Noticed Blork the orc
  2944 | D:4      | Killed Blork the orc
  2945 | D:4      | Reached skill level 5 in Unarmed Combat
  3189 | D:4      | Reached XP level 7. HP: 27/45 MP: 6/10
  3556 | D:5      | Entered Level 5 of the Dungeon
  3583 | D:5      | Reached skill level 4 in Ice Magic
  4232 | D:5      | Reached skill level 1 in Stealth
  4419 | D:5      | Reached skill level 1 in Evocations
  4419 | D:5      | Reached XP level 8. HP: 52/52 MP: 7/12
  4764 | D:6      | Found a staircase to the Ecumenical Temple.
  4854 | Temple   | Entered the Ecumenical Temple
  4877 | Temple   | Became a worshipper of Cheibriados the Contemplative
  5197 | D:7      | You fall into a shaft and drop 3 floors!
  5197 | D:10     | Entered Level 10 of the Dungeon
  5271 | D:10     | Noticed a wyvern
  5385 | D:10     | Reached skill level 5 in Ice Magic
  5551 | D:10     | Noticed a wraith
  5574 | D:10     | Killed a wraith
  5695 | D:9      | Reached XP level 9. HP: 20/59 MP: 8/14
  5818 | D:9      | Noticed Maggie
  5826 | D:9      | Reached * piety under Cheibriados
  5831 | D:9      | Your ally Maggie died
  5832 | D:9      | Reached skill level 5 in Stealth
  5934 | D:9      | Reached skill level 5 in Fighting
  5937 | D:9      | Reached skill level 6 in Ice Magic
  6286 | D:9      | Identified the ring "Buchela" {Will+ Str+6 Dex+3}
  6669 | D:7      | Gained mutation: One of your tentacles bears a spike.
                  | [potion of mutation]
  6669 | D:7      | Gained mutation: Your mind is acute. (Int +4, Str/Dex -1)
                  | [potion of mutation]
  6887 | D:7      | Reached ** piety under Cheibriados
  7097 | D:7      | Learned a level 2 spell: Passwall
  7308 | D:7      | Reached skill level 5 in Evocations
  7969 | D:8      | Reached XP level 10. HP: 51/68 MP: 16/16
  8231 | D:8      | Found a transporter.
  8271 | D:8      | Reached skill level 7 in Ice Magic
  8406 | D:8      | Found a one-way gate to the infinite horrors of the Abyss.
  8406 | D:8      | Noticed osoart's ghost (novice AtFi)
  8410 | D:8      | Found a transporter.
  8460 | D:8      | Reached skill level 1 in Invocations
  8464 | D:8      | Reached skill level 5 in Translocations
  9680 | D:9      | Reached *** piety under Cheibriados
  9987 | D:9      | Found a staircase to the Orcish Mines.
 10117 | D:10     | Found a glowing golden altar of the Shining One.
 10310 | D:10     | Reached **** piety under Cheibriados
 10360 | D:10     | Found a staircase to the Lair.
 10560 | D:10     | Reached skill level 8 in Ice Magic
 10560 | D:10     | Reached XP level 11. HP: 75/75 MP: 13/17
 10607 | D:10     | Noticed a two-headed ogre
 10614 | D:10     | HP: 2/75 [vampire mosquito (11)]
 10617 | D:10     | Slain by a vampire mosquito

Illustrated notes

Levels and vault maps discovered:
D:1:      dpeg_arrival_short_road, layout_loops_cross,
          shapermc_ecumenical_altar_mp_ritualfount, st_stairs_7,
          minmay_tetromino_o2
D:2:      kennysheep_six_static_rooms, layout_basic, basic_altar,
          grunt_ministairs_13, serial_bayou_crossing
D:3:      layout_rooms
D:4:      layout_rooms, uniq_blork_the_orc
D:5:      layout_rooms, minmay_tree_intersection
D:6:      layout_cave_pools, minmay_temple_entry_junction_2
D:7:      layout_loops_ring, chequers_garden
D:8:      layout_basic, gammafunk_ghost_abyssal_escape, kennysheep_another_room,
          minmay_large_rounded_square, wad_floor_pattern_untrapped
D:9:      layout_basic, david_orc_4, minmay_misc_feat_square, uniq_maggie
D:10:     layout_stronghold, kennysheep_mini, minmay_lair_entry_grove,
          hellmonk_bongcloud_opening
Temple:   nicolae_temple_the_god_donut

Skill      XL: |  1  2  3  4  5  6  7  8  9 10 |
---------------+-------------------------------+-----
Unarmed Combat | 3 4 5 6 |  6.0
Ice Magic      | 1 2 3 4 5 6 8 |  8.0
Dodging        | 3 |  3.4
Fighting       | 3 4 6 7 |  7.3
Stealth        | 1 4 5 |  5.0
Evocations     | 1 3 5 7 |  7.0
Spellcasting   | 3 4 |  4.1
Translocations | 4 6 |  6.0
Invocations    | 4 |  4.0
Throwing       | |  1.0

Action                     |  1- 3 |  4- 6 |  7- 9 | 10-12 || total
---------------------------+-------+-------+-------+-------++-------
  Melee: Unarmed           |    60 |   153 |   214 |   106 ||   533
         Constrict         |    13 |    42 |    38 |    25 ||   118
         Tentacles         |     7 |    33 |    53 |    30 ||   123
         Punch             |       |     3 |     9 |     3 ||    15
         Kick              |       |       |    19 |    48 ||    67
  Throw: Boomerang         |       |     4 |    57 |    13 ||    74
   Cast: Frozen Ramparts   |       |     5 |    11 |    12 ||    28
         Blink             |       |     3 |     8 |     6 ||    17
  Evoke: Wand              |       |       |     8 |     7 ||    15
    Use: Scroll            |       |     9 |     9 |     3 ||    21
         Potion            |       |     1 |     6 |     2 ||     9
   Stab: Sleeping          |    11 |     4 |     4 |     1 ||    20
 Armour: Skin              |     7 |    17 |    10 |    10 ||    44
  Dodge: Dodged            |    34 |   116 |   141 |    78 ||   369

Table legend: (Time is in decaauts)
 A = Elapsed time spent in this place.
 B = Non-inter-level travel time spent in this place.
 C = Inter-level travel time spent in this place.
 D = Time resting spent in this place.
 E = Time spent auto-exploring this place.
 F = Levels seen in this place.
 G = Mean time per level.
                   A        B        C        D        E       F      G
               +--------+--------+--------+--------+--------+-----+--------+
         Total |  11812 |  11201 |    611 |    272 |   9014 |  11 | 1073.8 |
       Dungeon |  11778 |  11182 |    596 |    272 |   8997 |  10 | 1177.8 |
        Temple |     33 |     19 |     14 |      0 |     17 |   1 |   33.0 |
               +--------+--------+--------+--------+--------+-----+--------+

Top non-repeatable levels by time:
     D:9: 2003 daAuts
     D:8: 1773 daAuts
     D:7: 1453 daAuts
    D:10: 1170 daAuts
     D:5: 1089 daAuts
     D:2: 1028 daAuts
     D:4: 883 daAuts
     D:1: 848 daAuts
     D:3: 784 daAuts
     D:6: 746 daAuts
  Temple: 33 daAuts
